 Dungeon Crawl Stone Soup version 0.28.0-53-g5a82cb258f (webtiles) character file.

Game seed: 1798370506782613464

51 Zeld the Changer (level 3, 0/26 HPs)
             Began as a Merfolk Transmuter on May 24, 2022.
             Succumbed to miscasting Spider Form's poison
             ... on level 2 of the Dungeon.
             The game lasted 00:02:09 (1638 turns).

Zeld the Changer (Merfolk Transmuter)               Turns: 1638, Time: 00:02:10

Health: 0/26       AC:  2    Str: 12    XL:     3   Next: 81%
Magic:  0/6        EV: 13    Int: 12    God:
Gold:   0          SH:  0    Dex: 14    Spells: 1/7 levels left

rFire   . . .      SeeInvis .     - Unarmed
rCold   . . .      Faith    .   (no shield)
rNeg    . . .      Spirit   .   a - +0 robe
rPois   .          Reflect  .   (no helmet)
rElec   .          Harm     .   (no cloak)
rCorr   .          Rampage  .   (no gloves)
Will    .....                   (no boots)
Stlth   +.........              (no amulet)
HPRegen 0.08/turn               (no ring)
MPRegen 0.10/turn               (no ring)

@: lethally poisoned (0 -> -4), very slightly contaminated
A: (nimble swimmer 2), mertail
a: no special abilities


You were on level 2 of the Dungeon.
You visited 1 branch of the dungeon, and saw 3 of its levels.

Inventory:

Armour
 a - a +0 robe (worn)
Scrolls
 b - 2 scrolls of identify {unknown}
 c - a scroll of fog {unknown}
 e - 2 scrolls of magic mapping {unknown}
 f - a scroll of immolation {unknown}
Potions
 d - 2 potions of curing {unknown}
 g - a potion of heal wounds {unknown}


   Skills:
 + Level 1.6 Fighting
 + Level 3.2 Dodging
 - Level 3.2 Unarmed Combat
 * Level 2.5 Spellcasting
 * Level 3.6 Transmutations
 + Level 0.7 Ice Magic
 + Level 0.4 Earth Magic


You had one spell level left.
You knew the following spells:

 Your Spells              Type           Power      Damage    Failure   Level
a - Beastly Appendage     Tmut           20%        N/A       6%          1
b - Wereblood             Tmut           10%        N/A       9%          2
c - Spider Form           Tmut/Pois      5%         N/A       36%         3

Your spell library contained the following spells:

 Spells                   Type           Power      Damage    Failure   Level
 Ice Form                 Ice/Tmut       6%         N/A       71%         4


Dungeon Overview and Level Annotations

Branches:
Dungeon (3/15)

Altars:
Trog


Innate Abilities, Weirdness & Mutations

((You are very nimble when in or above water. (Stealth+, EV+, Speed+++)))
Your lower body shifts to a powerful aquatic tail in water.


Message History

You miscast Spider Form.
You are very lightly contaminated with residual magic.
Nothing appears to happen.
The kobold hits you with a +0 whip.
You completely miss the kobold. You headbutt the kobold.
You kill the kobold!
You hit the kobold but do no damage. The kobold closely misses you.
You closely miss the kobold. The kobold closely misses you.
You hit the kobold but do no damage. You barely miss the kobold.
The kobold hits you with a +1 short sword of protection.
You closely miss the kobold. Your headbutt misses the kobold.
The kobold barely misses you.
You closely miss the kobold.
The kobold hits you with a +1 short sword of protection.
Your magical contamination has completely faded away.
You hit the kobold but do no damage. Your headbutt misses the kobold.
The kobold hits you with a +1 short sword of protection.
You closely miss the kobold.
The kobold hits you with a +1 short sword of protection.
Press: ? - help, v - describe, . - travel, g - get item
Here: a kobold, wielding a +1 short sword of protection
Items here: a +0 whip; 2 stones.
The floor.
You closely miss the kobold.
The kobold hits you with a +1 short sword of protection.
Your transformation is almost over.
You hit the kobold but do no damage. The kobold closely misses you.
The kobold hits you with a +1 short sword of protection.
Casting: Spider Form (extremely dangerous; 36% risk of failure)
Confirm with . or Enter, or press ? or * to list all spells.
The spell is extremely dangerous to miscast (36% risk of failure)!
Continue anyway?
You miscast Spider Form.
You are very lightly contaminated with residual magic.
You feel rather nauseous for a moment!
You are poisoned.
* * * LOW HITPOINT WARNING * * *
x2 You feel sick.
The kobold closely misses you.
Your horns disappear.
You die...

######........#
#.$..####.#.#.#
#....# #.#...# #....#
#.....#
#....####.##..#
#....#....###.####.#
#....#.###...>.....#
#....#.###.##.######
#)...K.@.........#
....#####.###.##.####
..........# #.##.#
.....#####.# #.##.#
..... #.# #.##..
..... ... ......
###### ... ..##.##
### ####.#


You could see a kobold.

Vanquished Creatures
  2 adders
  A worm (D:2)
  3 dart slugs
  2 ball pythons
  An endoplasm (D:1)
  A giant cockroach (D:1)
  A goblin (D:2)
  3 hobgoblins
  A quokka (D:1)
  3 bats (D:1)
  2 frilled lizards (D:1)
  2 kobolds (D:2)
  5 rats (D:1)
27 creatures vanquished.

Notes
Turn   | Place    | Note
-------+----------+-------------------------------------------
     0 | D:1      | Zeld the Merfolk Transmuter began the quest for the Orb.
     0 | D:1      | Reached XP level 1. HP: 15/15 MP: 3/3
   275 | D:1      | Reached XP level 2. HP: 17/21 MP: 3/5
   332 | D:1      | Learned a level 2 spell: Wereblood
  1096 | D:2      | Reached XP level 3. HP: 14/26 MP: 2/6
  1100 | D:2      | Learned a level 3 spell: Spider Form
  1397 | D:2      | Found a bloodstained altar of Trog.
  1516 | D:2      | You fall into a shaft and drop 1 floor!
  1637 | D:2      | HP: 1/26 [poisoned by miscasting Spider Form]
  1638 | D:2      | Succumbed to miscasting Spider Form's poison

Illustrated notes

Levels and vault maps discovered:
D:1:      lightli_arrival_chessboard, layout_loops_corners
D:2:      layout_basic, basic_altar
D:3:      layout_rooms, basic_ecumenical_altar, minivault_25,
          grunt_ministairs_8, kennysheep_cross_bottleneck

Skill      XL: |  1  2 |
---------------+-------+-----
Transmutations | 3 |  3.6
Dodging        | 3 |  3.2
Fighting       | |  1.6
Unarmed Combat | |  3.2
Spellcasting   | |  2.5
Ice Magic      | |  0.7
Earth Magic    | |  0.4

Action                   || total
-------------------------++-------
Melee: Unarmed           ||    89
       Headbutt          ||    13
       Punch             ||     2
 Cast: Beastly Appendage ||    23
       Spider Form       ||     2
Armor: Robe              ||    12
Dodge: Dodged            ||    59
